 Dungeon Crawl Stone Soup version 0.25-a0-364-ge76b031 (webtiles) character file.

Game seed: 15266370374251923201, levelgen mode: deterministic

212 Birdy the Chopper (level 6, -1/44 HPs)
             Began as a Formicid Gladiator on Jan 5, 2020.
             Slain by Grinder (7 damage)
             ... on level 3 of the Dungeon.
             The game lasted 00:04:37 (2366 turns).

Birdy the Chopper (Formicid Gladiator)              Turns: 2366, Time: 00:04:37

Health: -1/44      AC:  6    Str: 18    XL:     6   Next: 14%
Magic:  6/6        EV: 12    Int:  8    God:
Gold:   135        SH:  0    Dex: 14    Spells: 5/5 levels left

rFire    . . .     SeeInvis +   a - +0 war axe
rCold    . . .     Gourm    .   (no shield)
rNeg     . . .     Faith    .   o - +2 leather armour {MR+}
rPois    .         Spirit   .   (helmet unavailable)
rElec    .         Reflect  .   (no cloak)
rCorr    .         Harm     .   (no gloves)
MR       +....                  i - +0 pair of boots
Stlth    ++........             (no amulet)
HPRegen  0.14/turn              g - ring of stealth (curse)
MPRegen  0.10/turn              (no ring)

@: no status effects
A: permanent stasis, dig shafts and tunnels, four strong arms, antennae 3
a: Dig, Shaft Self


You were on level 3 of the Dungeon.
You were not hungry.

You visited 1 branch of the dungeon, and saw 3 of its levels.

You collected 135 gold pieces.

Inventory:

Hand Weapons
 a - a +0 war axe (weapon)
Missiles
 f - 25 poisoned darts (quivered)
Armour
 i - a +0 pair of boots (worn)
 o - a +2 leather armour of magic resistance (worn)
Jewellery
 g - a cursed ring of stealth (left hand)
Scrolls
 h - a scroll of fog
 l - 2 scrolls of fear
Potions
 b - a potion of degeneration {unknown}
 k - a potion of agility
 p - a potion of flight
Comestibles
 d - 6 rations
 m - 2 chunks of flesh


   Skills:
 - Level 2.1 Fighting
 + Level 6.4 Axes
 - Level 2.0 Throwing
 - Level 2.6 Dodging


You had 5 spell levels left.
You didn't know any spells.
Your spell library was empty.

Dungeon Overview and Level Annotations

Branches:
Dungeon (3/15)

Altars:

Annotations:
D:3 Grinder


Innate Abilities, Weirdness & Mutations

You cannot be hasted, slowed, berserked, paralysed or teleported.
You can dig through walls and to a lower floor.
Your four strong arms can wield two-handed weapons with a shield.
You have a pair of large antennae on your head. (SInv)


Message History

Throwing (i - inventory)
f - 26 poisoned darts (quivered)
Press: ? - help, Shift-Dir - straight line, f/p - Grinder
Aim: Grinder (severely wounded)
You throw a poisoned dart. The poisoned dart hits Grinder.
Grinder is severely wounded.
Grinder hits you.
* * * LOW HITPOINT WARNING * * *
You writhe in agony.
* * * LOW HITPOINT WARNING * * *
You feel better.
Grinder says, "Mostly I couldn't keep them alive."
Grinder hits you.
* * * LOW HITPOINT WARNING * * *
You writhe in agony.
* * * LOW HITPOINT WARNING * * *
Okay, then.
You barely miss Grinder.
Grinder is severely wounded.
Grinder hits you!
You die...

.... .(.# .#.. ## .. #..#
.... . .. #..# .### . #.
#..# .# #. #.#. #..# .# ##
#. #.#.##..###.# #
#..#.....5.....####. #
.......).@.##..........###
#......)..................
#.........................
#..#####.......###.###)###
# ##......# #.# .#
##.###..###.###.###
#........##.........
...............#.# #
...........#†..÷.#.###


You could see Grinder.

Vanquished Creatures
  The ghost of Zonian the Digger, an amateur GnEE (D:3)
  An orc wizard (D:3)
  2 adders (D:3)
  A shadow imp (D:3)
  2 worms (D:3)
  2 dart slugs
  2 leopard geckos (D:1)
  4 orcs (D:3)
  3 giant cockroaches
  10 goblins
  4 hobgoblins
  4 jackals (D:3)
  A quokka (D:3)
  2 ball pythons (D:3)
  5 bats
  3 frilled lizards
  7 kobolds
  3 rats
57 creatures vanquished.

Notes
Turn   | Place    | Note
-------+----------+-------------------------------------------
     0 | D:1      | Birdy the Formicid Gladiator began the quest for the Orb.
     0 | D:1      | Reached XP level 1. HP: 16/16 MP: 1/1
   153 | D:1      | Reached XP level 2. HP: 16/22 MP: 2/2
   291 | D:1      | You fall into a shaft and drop 1 floor!
   502 | D:1      | Reached skill level 4 in Axes
   502 | D:1      | Reached XP level 3. HP: 27/27 MP: 3/3
  1727 | D:3      | Reached XP level 4. HP: 16/33 MP: 4/4
  2031 | D:3      | Reached skill level 5 in Axes
  2206 | D:3      | Noticed Zonian's ghost (amateur GnEE)
  2208 | D:3      | Found a runed translucent gate.
  2221 | D:3      | Found a runed translucent gate.
  2228 | D:3      | Found a runed translucent gate.
  2242 | D:3      | Reached XP level 5. HP: 38/38 MP: 5/5
  2249 | D:3      | Killed Zonian's ghost
  2249 | D:3      | Reached skill level 6 in Axes
  2249 | D:3      | Reached XP level 6. HP: 36/44 MP: 6/6
  2336 | D:3      | Noticed Grinder
  2366 | D:3      | Slain by Grinder

Levels and vault maps discovered:
D:1:      dpeg_arrival_rhombi, layout_basic, serial_curves, eino_curves_02,
          eino_curves_04
D:2:      layout_loops_ring, first_ration
D:3:      layout_basic, nicolae_dithmenos_shadow_blocks, gammafunk_ghost_split,
          serial_curves, eino_curves_02, eino_curves_04, uniq_grinder

Skill      XL: |  1  2  3  4  5 |
---------------+----------------+-----
Axes           | 4 5 6 |  6.4
Fighting       | |  2.1
Throwing       | |  2.0
Dodging        | |  2.6

Action                   |  1- 3 |  4- 6 || total
-------------------------+-------+-------++-------
Melee: War axe           |   108 |    63 ||   171
Throw: Dart              |       |    19 ||    19
       Throwing net      |       |     4 ||     4
  Use: Scroll            |     3 |     2 ||     5
       Potion            |     1 |     6 ||     7
 Stab: Sleeping          |       |     3 ||     3
       Held in net/web   |       |     1 ||     1
  Eat: Chunk             |     2 |     3 ||     5
Armor: Ring mail         |    47 |    24 ||    71
       Leather armour    |     8 |     6 ||    14
       Skin              |    21 |       ||    21
Dodge: Dodged            |    74 |    48 ||   122

Table legend:
 A = Non-vault XP
 B = Vault XP
 C = Vault XP percentage of total XP
 D = Non-vault monster count
 E = Vault monster count
 F = Vault count percentage of total count
                 A         B        C        D         E       F
            +---------+---------+-------+---------+---------+-------
      Total |     159 |     145 |  47.7 |      51 |       6 |  10.5
            +---------+---------+-------+---------+---------+-------
        D:1 |      38 |       0 |   0.0 |      21 |       0 |   0.0
        D:2 |      13 |       0 |   0.0 |       7 |       0 |   0.0
        D:3 |     108 |     145 |  57.3 |      23 |       6 |  20.7
            +---------+---------+-------+---------+---------+-------
